 Dungeon Crawl Stone Soup version 0.32-a0-540-g866d13106e (webtiles) character file.

Game seed: 3034021845638091444

77 LobsterGuardian the Poker (level 4, -1/36 HPs)
             Began as a Demonspawn Monk on Feb 29, 2024.
             Slain by Grinder (7 damage)
             ... on level 3 of the Dungeon.
             The game lasted 00:02:48 (1384 turns).

LobsterGuardian the Poker (Demonspawn Monk)         Turns: 1384, Time: 00:02:49

Health: -1/36      AC:  7    Str:  9 (12) XL:     4   Next: 14%
Magic:  4/4        EV:  9    Int:  7 (10) God:
Gold:   103        SH:  0    Dex: 16 (17) Spells: 3/3 levels left

rFire   . . .        a - +0 spear
rCold   . . .        d - orb {light}
rNeg    . . .        j - +0 scale mail
rPois   .            (no helmet)
rElec   .            (no cloak)
rCorr   .            (no gloves)
SInv    .            (no boots)
Will    .....        (no amulet) Stlth
                     (no ring)
HPRegen 0.26/turn    (no ring)
MPRegen 0.09/turn

%: no passive effects
@: brilliant, silenced (expiring), hasted, glowing, very quick
A: rugged brown scales 1, demonic magic 1
a: no special abilities


You were on level 3 of the Dungeon.
You visited 1 branch of the dungeon, and saw 3 of its levels.

You collected 103 gold pieces.

Inventory:

Hand Weapons
 a - a +0 spear (weapon)
Armour
 b - a +0 robe
 d - an orb of light (worn)
 j - a +0 scale mail (worn)
Scrolls
 k - a scroll of amnesia {unknown}
Potions
 e - a potion of degeneration
 m - a potion of attraction {unknown}


   Skills:
 + Level 3.4 Fighting
 * Level 4.0 Polearms
 + Level 0.3 Armour
 + Level 3.0 Dodging


You had 3 spell levels left.
You didn't know any spells.
Your spell library contained the following spells:

 Spells                   Type           Power      Damage    Failure   Level
 Apportation              Tloc           0%         N/A       98%         1
 Slow                     Hex            0%         N/A       98%         1
 Jinxbite                 Hex            0%         N/A       99%         2
 Confusing Touch          Hex            0%         N/A       100%        3
 Sigil of Binding         Hex            0%         N/A       100%        3
 Vampiric Draining        Necr           0%         2d6       100%        3
 Alistair's Intoxication  Alch           0%         N/A       100%        5


Dungeon Overview and Level Annotations

Branches:
Dungeon (3/15)

Altars:

Annotations:
D:3 Grinder


Innate Abilities, Weirdness & Mutations

You are partially covered in rugged brown scales. (AC +1, +3% HP)
Spells you cast may paralyse adjacent enemies.


Message History

Grinder gestures at you. You resist with significant effort.
You feel less wooden.
Your +0 scale mail unmelds from your body.
Grinder gestures at you. Pain shoots through your body!
* * * LOW HITPOINT WARNING * * *
You feel better.
You are too injured to fight recklessly!
You hit Grinder but do no damage.
Grinder is moderately wounded.
Grinder completely misses you.
You barely miss Grinder.
Grinder is moderately wounded.
Grinder gestures at you.
You suddenly lose the ability to move!
Grinder hits you.
You writhe in agony.
Grinder gestures at you. Pain shoots through your body!
* * * LOW HITPOINT WARNING * * *
Grinder hits you but does no damage. Grinder hits you.
* * * LOW HITPOINT WARNING * * *
You writhe in agony.
* * * LOW HITPOINT WARNING * * *
You can move again.
Unknown command.
Unknown command.
Unknown command.
Unknown command.
Unknown command.
You feel better. Grinder hits you.
* * * LOW HITPOINT WARNING * * *
You writhe in agony.
* * * LOW HITPOINT WARNING * * *
It was a potion of brilliance.
You feel clever all of a sudden. Grinder barely misses you.
It was a potion of haste.
You feel yourself speed up. Grinder hits you!
You die...

.. #....... ⌠. ##.⌠. .#
#.ß..... ... #...
#######.......
...###...##.#...........
....#....#..............
#...$...##............>.
#.>.⌠.<.#...............
#.....5.##........ß...).
#..@.#..............
##.).##.........####
#....#........## #
##.⌠†........##
#...##.###### ##+##..#
.##


You could see Grinder.

Vanquished Creatures
  Jessica (D:2)
  2 adders (D:2)
  A ribbon worm (D:3)
  An orc (D:3)
  2 bats (D:2)
  3 endoplasms
  A giant cockroach (D:1)
  3 goblins
  A hobgoblin (D:1)
  A quokka (D:1)
  3 ball pythons
  2 frilled lizards
  7 kobolds
  4 rats
32 creatures vanquished.

Notes
Turn   | Place    | Note
-------+----------+-------------------------------------------
     0 | D:1      | LobsterGuardian the Demonspawn Monk began the quest for the
                  | Orb.
     0 | D:1      | Reached XP level 1. HP: 18/18 MP: 1/1
   365 | D:1      | Reached skill level 3 in Polearms
   368 | D:1      | Gained mutation: You are partially covered in rugged brown
                  | scales. (AC +1, +3% HP) [demonic ancestry]
   368 | D:1      | Reached XP level 2. HP: 16/24 MP: 2/2
   916 | D:2      | Reached XP level 3. HP: 19/29 MP: 3/3
  1082 | D:2      | Noticed Jessica
  1093 | D:2      | Killed Jessica
  1194 | D:2      | You fall into a shaft and drop 1 floor!
  1221 | D:3      | Gained mutation: Spells you cast may paralyse adjacent
                  | enemies. [demonic ancestry]
  1221 | D:3      | Reached XP level 4. HP: 36/36 MP: 4/4
  1316 | D:3      | Noticed Grinder
  1320 | D:3      | Reached skill level 4 in Polearms
  1321 | D:3      | Paralysed by Grinder for 4 turns
  1334 | D:3      | Paralysed by Grinder for 4 turns
  1341 | D:3      | Paralysed by Grinder for 4 turns
  1358 | D:3      | Paralysed by Grinder for 3 turns
  1377 | D:3      | Paralysed by Grinder for 4 turns
  1384 | D:3      | Slain by Grinder

Illustrated notes

Levels and vault maps discovered:
D:1:      mrwooster_arrival_statue_3, layout_loops_ring, st_stairs_1,
          dreamdust_princess_bridge
D:2:      wad_woods_pond, layout_basic, uniq_jessica
D:3:      cheibrodos_old_hovel, layout_rooms, tso_altar, cheibriados_altar_1,
          chequers_serial_rivers_micro_c, grunt_ministairs_13, minivault_26,
          st_stairs_1, uniq_crazy_yiuf_cottage, uniq_grinder, uniq_robin

Skill      XL: |  1  2  3  4 |
---------------+-------------+-----
Polearms       | 3 4 |  4.0
Dodging        | 3 |  3.0
Fighting       | |  3.4
Armour         | |  0.3

Action                     |  1- 3 |  4- 6 || total
---------------------------+-------+-------++-------
  Melee: Spear             |    95 |    44 ||   139
  Throw: Throwing net      |       |     1 ||     1
    Use: Scroll            |     3 |     1 ||     4
         Potion            |     1 |     7 ||     8
 Armour: Robe              |     6 |       ||     6
         Scale mail        |    40 |    34 ||    74
         Skin              |       |     4 ||     4
  Dodge: Dodged            |    33 |    17 ||    50

Table legend: (Time is in decaauts)
 A = Elapsed time spent in this place.
 B = Non-inter-level travel time spent in this place.
 C = Inter-level travel time spent in this place.
 D = Time resting spent in this place.
 E = Time spent auto-exploring this place.
 F = Levels seen in this place.
 G = Mean time per level.
                   A        B        C        D        E       F      G
               +--------+--------+--------+--------+--------+-----+--------+
         Total |   1381 |   1338 |     43 |      0 |   1031 |   3 |  460.3 |
       Dungeon |   1381 |   1338 |     43 |      0 |   1031 |   3 |  460.3 |
               +--------+--------+--------+--------+--------+-----+--------+

Top non-repeatable levels by time:
     D:1: 661 daAuts
     D:2: 534 daAuts
     D:3: 185 daAuts
